 Dungeon Sprint DCSS version 0.25.1-2-g60ff931df9 (webtiles) character file.

Game seed: 4420127993214857444

45411 Cadaver the Pulveriser (level 14, -7/106 HPs)
             Began as a Gargoyle Gladiator on Nov 6, 2020.
             Was the Champion of Okawaru.
             Mangled by Polyphemus (25 damage)
             ... in the Dungeon (Sprint VII: "The Pits").
             The game lasted 00:39:10 (8147 turns).

Cadaver the Pulveriser (Gargoyle Gladiator)         Turns: 8147, Time: 00:39:11

Health: -7/106     AC: 33    Str: 18    XL:     14   Next: 33%
Magic:  23/23      EV: 24    Int: 16    God:    Okawaru [******]
Gold:   65         SH:  0    Dex: 19    Spells: 8/13 levels left

rFire    + . .     SeeInvis .   U - +6 quarterstaff of Superiority {pain, rN+ MR+ Stlth+}
rCold    + . .     Gourm    .   (shield currently unavailable)
rNeg     + + .     Faith    .   A - +5 ring mail
rPois    ∞         Spirit   .   h - +0 hat "Udocily" {rF+ rC+ Int+4}
rElec    +         Reflect  .   T - +0 cloak {Stlth+}
rCorr    .         Harm     .   (no gloves)
MR       ++...     NoTele   +   c - +2 pair of boots {Fly}
Stlth    +++++.....             (no amulet)
HPRegen  0.27/turn              H - +6 ring of dexterity
MPRegen  0.18/turn              w - +3 ring of protection

@: heroism, flying
A: big wings, negative energy resistance 1, electricity resistance, unbreathing,
petrification resistance, rot immunity, AC +10
a: Stop Flying, Heroism, Finesse, Renounce Religion


You were in the Dungeon.
You worshipped Okawaru.
Okawaru was exalted by your worship.
You were not hungry.

You visited 1 branch You collected 65 gold pieces.

Inventory:

Hand Weapons
 l - the +9 quarterstaff "Isuhe" {chaos, rPois SInv}
   (Okawaru gifted it to you in the Dungeon)

   Each time it hits an enemy it has a different, random effect.
   It protects you from poison.
   It lets you see invisible.
 u - a +0 quarterstaff of protection
 z - a +5 hunting sling of flaming
 B - a +0 lajatang
 U - the +6 quarterstaff of Superiority (weapon) {pain, rN+ MR+ Stlth+}
   (Okawaru gifted it to you in the Dungeon)

   In the hands of one skilled in necromantic magic, it inflicts extra damage on
   living creatures.
   It protects you from negative energy.
   It affects your resistance to hostile enchantments.
   It makes you more stealthy.
Missiles
 d - 3 throwing nets
 s - 19 stones
 C - 34 javelins (quivered)
 D - 10 silver javelins
 E - 7 atropa-tipped darts
Armour
 a - a +0 kite shield
 c - a +2 pair of boots of flying (worn)
 h - the +0 hat "Udocily" (worn) {rF+ rC+ Int+4}
   (Okawaru gifted it to you in the Dungeon)

   It affects your intelligence (+4).
   It protects you from fire.
   It protects you from cold.
 A - a +5 ring mail (worn)
 L - a +2 helmet
 Q - a scarf of harm
 S - +0 acid dragon scales
 T - a +0 cloak of stealth (worn)
Magical Staves
 t - an uncursed staff of energy
Jewellery
 w - a +3 ring of protection (right hand)
 y - a +3 ring of dexterity
 F - an uncursed ring of fire
 H - a +6 ring of dexterity (left hand)
 K - an uncursed ring of protection from magic
 R - an uncursed ring of positive energy
Scrolls
 k - 2 scrolls of blinking
 o - 4 scrolls of remove curse
 p - 5 scrolls of amnesia
 q - a scroll of summoning
 r - 2 scrolls of vulnerability
 G - a scroll of enchant armour
 I - a scroll of fog
 M - 4 scrolls of enchant weapon
 N - 2 scrolls of fear
Potions
 e - 9 potions of curing
 g - 9 potions of heal wounds
 i - 4 potions of magic
 n - a potion of invisibility
 x - a potion of resistance
 P - 2 potions of brilliance
Miscellaneous
 J - a phial of floods
Comestibles
 f - 14 rations


   Skills:
 + Level 19.0(24.0) Fighting
 - Level 22.1(27) Staves
 - Level 8.8(13.8) Throwing
 * Level 14.8(19.8) Armour
 + Level 10.8(15.8) Dodging
 + Level 5.8(10.8) Stealth
 + Level 12.5 Invocations
 * Level 7.6 Evocations


You had 8 spell levels left.
You knew the following spells:

 Your Spells              Type           Power        Failure   Level  Hunger
a - Borgnjor's Vile Clut  Necr/Erth      #.........   100%        5    ######.

Your spell library contained the following spells:

 Spells                   Type           Power        Failure   Level  Hunger
 Ensorcelled Hibernation  Hex/Ice        #.....       45%         2    ###....
 Silence                  Hex/Air        #.........   100%        5    ######.
 Darkness                 Hex            #.........   100%        6    #######
 Shadow Creatures         Summ           N/A          100%        6    #######


Dungeon Overview and Level Annotations

Branches:
Dungeon (1/1)

Altars:
Ashenzari
Cheibriados
Dithmenos
Elyvilon
Fedhas
Gozag
Hepliaklqana
Kikubaaqudgha
Makhleb
Nemelex Xobeh
Okawaru
Qazlal
Ru
Sif Muna
Trog
Uskayaw
Vehumet
Wu Jian
Xom
Yredelemnul
Zin
The Shining One
Beogh
Jiyva
Lugonu

Annotations:
D Polyphemus


Innate Abilities, Weirdness & Mutations

You are resistant to torment.
Your stone body is resilient. (AC +10)
You are immune to poison.
Your large and strong wings let you fly indefinitely.
You resist negative energy. (rN+)
You are resistant to electric shocks. (rElec)
You can survive without breathing.
You are immune to petrification.
You are immune to rotting.


Message History

You hit Polyphemus.
Polyphemus is severely wounded.
Polyphemus hits you!
* * * LOW HITPOINT WARNING * * *
Polyphemus misses you.
You hit Polyphemus but do no damage.
Polyphemus is severely wounded.
You sock Polyphemus!
Polyphemus is almost dead.
Polyphemus hits you but does no damage. Polyphemus hits you!
* * * LOW HITPOINT WARNING * * *
You completely miss Polyphemus.
Polyphemus is almost dead.
You sock Polyphemus!
Polyphemus is almost dead.
Polyphemus misses you. Polyphemus barely misses you.
You barely miss Polyphemus.
Polyphemus is almost dead.
Polyphemus hits you!!
You die...

.....''..........#
###..##..#....#..#
#.#..##.[....)...+
.##).##..........+
#.#..####''####''#
.##..####''####''################
#(#..##......##(........(........
)##..##.#'##.##..C...((.......(..
.....##.#..'.##(@##############('
.....##.'[.#.##(.# #.C...
#######.#.)'.##.)# #o#...
#######.'[.#.##(.# .. ....
.##..##.##'#.##()# #. .#...
.##..##......##).# # ......
.''..##########.(# .# #...
.''..##########.(# .. ....
.##...........)..#


You could see Polyphemus.

Vanquished Creatures
  A bone dragon (D)
  Arachne (D)
  A death cob (D)
  A fire giant (D)
  Aizul (D)
  An orc warlord (D)
  A deep elf annihilator (D)
  A minotaur (D)
  A purple draconian (D)
  An ice dragon (D)
  A rakshasa (D)
  2 vault guards (D)
  4 naga warriors (D)
  An alligator snapping turtle (D)
  A death knight (D)
  A merfolk aquamancer (D)
  3 hell hogs (D)
  A death yak (D)
  2 spriggan berserkers (D)
  2 sixfirhies (D)
  A sea snake (D)
  An unseen horror (D)
  A wizard (D)
  A swamp dragon (D)
  A flayed ghost (D)
  12 orc knights (D)
  Pikel (D)
  A necromancer (D)
  An orc sorcerer (D)
  4 deep elf magi (D)
  A wolf spider (D)
  A manticore (D)
  A torpor snail (shapeshifter) (D)
  A spiny frog (D)
  A komodo dragon (D)
  2 kobold demonologists (D)
  A rime drake (D)
  2 red devils (D)
  A hornet (D)
  Grinder (D)
  2 bog bodies (D)
  4 dream sheep (D)
  5 blink frogs (D)
  2 redbacks (D)
  3 yaks (D)
  A wraith (D)
  A tarantella (D)
  4 water elementals (D)
  A wyvern (D)
  A fire elemental (D)
  Grum (D)
  A neqoxec (D)
  A hungry ghost (D)
  A warg (D)
  2 acid dragons (D)
  2 water moccasins (D)
  A floating eye (D)
  An orc warrior (D)
  A slave (D)
  A black bear (D)
  A sky beast (D)
  An ice beast (D)
  A swamp drake (D)
  10 wolves (D)
  A big kobold (D)
  An earth elemental (D)
  A killer bee (D)
  A crimson imp (D)
  A quasit (D)
  An orc priest (D)
  3 iron imps (D)
  An orc wizard (D)
  A hell rat (D)
  A worker ant (D)
  A river rat (D)
  An ufetubus (D)
  An ooze (D)
  An adder zombie (D)
  An adder skeleton (D)
  2 leopard geckos (D)
  3 orcs (D)
  3 bats (D)
  A bat zombie (D)
  A goblin (D)
  2 hobgoblins (D)
  8 jackals (D)
  A bat simulacrum (D)
  A frilled lizard (D)
  3 kobolds (D)
  A leopard gecko simulacrum (D)
  A leopard gecko skeleton (D)
  A rat (D)
158 creatures vanquished.

Vanquished Creatures (others)
  A vampire mage (D)
  3 slaves (D)
  An orc (D)
5 creatures vanquished.

Grand Total: 163 creatures vanquished

Notes
Turn   | Place    | Note
-------+----------+-------------------------------------------
     0 | D        | Cadaver the Gargoyle Gladiator began the quest for the Orb.
     0 | D        | Reached XP level 1. HP: 12/12 MP: 1/1
    20 | D        | Reached skill level 4 in Staves
    63 | D        | Found a bloodstained altar of Trog.
    63 | D        | Found a shimmering blue altar of Sif Muna.
    63 | D        | Found a viscous altar of Jiyva.
    63 | D        | Found a hazy altar of Hepliaklqana.
    63 | D        | Found an opulent altar of Gozag.
    64 | D        | Found a glowing golden altar of the Shining One.
    64 | D        | Found a glowing silver altar of Zin.
    64 | D        | Found a basalt altar of Yredelemnul.
    64 | D        | Found a shimmering altar of Xom.
    64 | D        | Found an ornate altar of the Wu Jian Council.
    64 | D        | Found a sacrificial altar of Ru.
    64 | D        | Found a stormy altar of Qazlal.
    64 | D        | Found an iron altar of Okawaru.
    64 | D        | Found a sparkling altar of Nemelex Xobeh.
    64 | D        | Found a burning altar of Makhleb.
    64 | D        | Found a blossoming altar of Fedhas.
    64 | D        | Found a white marble altar of Elyvilon.
    64 | D        | Found a shadowy altar of Dithmenos.
    64 | D        | Found a snail-covered altar of Cheibriados.
    66 | D        | Found a corrupted altar of Lugonu.
    66 | D        | Found a radiant altar of Vehumet.
    66 | D        | Found a roughly hewn altar of Beogh.
    67 | D        | Found an ancient bone altar of Kikubaaqudgha.
    67 | D        | Found a hide-covered altar of Uskayaw.
    67 | D        | Found a shattered altar of Ashenzari.
    71 | D        | Became a worshipper of Warmaster Okawaru
    85 | D        | Reached XP level 2. HP: 15/18 MP: 2/2
    88 | D        | Reached skill level 5 in Staves
   233 | D        | Noticed Grinder
   255 | D        | Killed Grinder
   255 | D        | Reached * piety under Okawaru
   255 | D        | Reached skill level 5 in Fighting
   255 | D        | Reached skill level 10 in Staves
   255 | D        | Reached XP level 3. HP: 18/26 MP: 3/3
   255 | D        | Reached XP level 4. HP: 22/31 MP: 4/4
   255 | D        | Reached XP level 5. HP: 25/35 MP: 5/5
   420 | D        | Noticed a water moccasin
   440 | D        | Reached XP level 6. HP: 39/40 MP: 3/6
   446 | D        | Killed a water moccasin
   446 | D        | Reached skill level 11 in Staves
   518 | D        | Reached ** piety under Okawaru
   518 | D        | Reached skill level 12 in Staves
   538 | D        | Noticed a hornet
   552 | D        | Killed a hornet
   552 | D        | Reached skill level 13 in Staves
   552 | D        | Reached skill level 5 in Armour
   552 | D        | Reached XP level 7. HP: 40/47 MP: 4/7
   599 | D        | Noticed a warg
   613 | D        | Killed a warg
   613 | D        | Reached *** piety under Okawaru
   613 | D        | Reached skill level 1 in Invocations
   616 | D        | Noticed a tarantella
   636 | D        | Killed a tarantella
   636 | D        | Reached skill level 14 in Staves
   636 | D        | Reached XP level 8. HP: 53/53 MP: 5/8
   746 | D        | Noticed Grum
   783 | D        | Received a gift from Okawaru
   825 | D        | Reached skill level 15 in Staves
   843 | D        | Killed Grum
   975 | D        | Noticed a wizard
   977 | D        | Noticed a blink frog
   977 | D        | Noticed a blink frog
   978 | D        | Noticed a blink frog
   979 | D        | Noticed a blink frog
   982 | D        | Noticed a bog body
   983 | D        | Noticed a blink frog
   987 | D        | Killed a wizard
   987 | D        | Reached **** piety under Okawaru
   987 | D        | Reached skill level 16 in Staves
   987 | D        | Reached XP level 9. HP: 60/60 MP: 7/11
  1032 | D        | Received a gift from Okawaru
  1065 | D        | Reached ***** piety under Okawaru
  1065 | D        | Reached skill level 10 in Fighting
  1182 | D        | Received a gift from Okawaru
  1182 | D        | Reached skill level 17 in Staves
  1235 | D        | Reached XP level 10. HP: 54/68 MP: 11/13
  1314 | D        | Noticed a kobold demonologist
  1314 | D        | Noticed a flayed ghost
  1350 | D        | Killed a flayed ghost
  1360 | D        | Killed a kobold demonologist
  1507 | D        | Reached skill level 5 in Dodging
  1507 | D        | Reached skill level 5 in Invocations
  1753 | D        | Received a gift from Okawaru
  1754 | D        | Got a warped quarterstaff {god gift}
  1762 | D        | Identified the +9 quarterstaff "Isuhe" {chaos, rPois SInv}
                  | (Okawaru gifted it to you in the Dungeon)
  1847 | D        | Reached skill level 18 in Staves
  1895 | D        | Noticed a deep elf mage
  1900 | D        | Killed a deep elf mage
  1927 | D        | Noticed a death knight
  1959 | D        | Killed a death knight
  2077 | D        | Noticed an orc sorcerer
  2083 | D        | Killed an orc sorcerer
  2083 | D        | Reached XP level 11. HP: 67/76 MP: 12/15
  2102 | D        | Noticed Pikel
  2117 | D        | Killed Pikel
  2124 | D        | Noticed a manticore
  2125 | D        | Noticed a deep elf mage
  2142 | D        | Noticed a sun demon
  2258 | D        | Noticed a merfolk aquamancer
  2273 | D        | Killed a merfolk aquamancer
  2273 | D        | Received a gift from Okawaru
  2273 | D        | Reached skill level 5 in Throwing
  2293 | D        | Reached skill level 19 in Staves
  2484 | D        | Received a gift from Okawaru
  2655 | D        | Killed a deep elf mage
  2699 | D        | Killed a manticore
  3167 | D        | Noticed a deep elf mage
  3167 | D        | Noticed a death cob
  3167 | D        | Noticed a fire giant
  3221 | D        | Killed a fire giant
  3221 | D        | Reached skill level 10 in Armour
  3223 | D        | Received a gift from Okawaru
  3447 | D        | Noticed an alligator snapping turtle
  3470 | D        | Killed an alligator snapping turtle
  3470 | D        | Reached XP level 12. HP: 17/85 MP: 16/18
  3532 | D        | Noticed a deep elf annihilator
  3759 | D        | Noticed a minotaur
  3771 | D        | Killed a minotaur
  3771 | D        | Reached skill level 20 in Staves
  3990 | D        | Killed a deep elf annihilator
  3990 | D        | Reached skill level 1 in Evocations
  4091 | D        | Noticed Arachne
  4107 | D        | Killed Arachne
  4107 | D        | Reached skill level 15 in Fighting
  4227 | D        | Noticed a rakshasa
  4231 | D        | Killed a rakshasa
  4314 | D        | Received a gift from Okawaru
  4401 | D        | Noticed a spriggan berserker
  4401 | D        | Noticed an ice dragon
  4403 | D        | Noticed a vampire mage
  4428 | D        | Killed a spriggan berserker
  4429 | D        | Killed a spriggan berserker
  4447 | D        | Killed an ice dragon
  4447 | D        | Reached ****** piety under Okawaru
  4447 | D        | Received a gift from Okawaru
  4447 | D        | Reached skill level 21 in Staves
  4452 | D        | Killed a vampire mage
  4551 | D        | Reached skill level 10 in Invocations
  4563 | D        | Got the cursed +1 ring mail of Hopiwyps {rC++ Int+3}
  4617 | D        | Reached XP level 13. HP: 64/93 MP: 17/20
  4621 | D        | Received a gift from Okawaru
  4622 | D        | Got a twisted quarterstaff {god gift}
  4623 | D        | Identified the +6 quarterstaff of Superiority {pain, rN+
                  | MR+ Stlth+} (Okawaru gifted it to you in the Dungeon)
  4780 | D        | Noticed Aizul
  4812 | D        | Killed Aizul
  4812 | D        | Reached skill level 1 in Stealth
  5249 | D        | Killed a death cob
  5249 | D        | Reached skill level 22 in Staves
  6097 | D        | Noticed a vault guard
  6110 | D        | Killed a vault guard
  6110 | D        | Received a gift from Okawaru
  6564 | D        | Reached skill level 10 in Dodging
  6586 | D        | Reached skill level 5 in Evocations
  6854 | D        | Noticed a purple draconian
  6875 | D        | Killed a purple draconian
  6875 | D        | Gained mutation: Your large and strong wings let you fly
                  | indefinitely. [Gargoyle growth]
  6875 | D        | Reached XP level 14. HP: 44/104 MP: 20/22
  7156 | D        | Noticed an orc warlord
  7190 | D        | Killed an orc warlord
  7409 | D        | Noticed a bone dragon
  7486 | D        | Killed a bone dragon
  7486 | D        | Reached skill level 5 in Stealth
  7838 | D        | Noticed an orc warlord
  8024 | D        | Received a gift from Okawaru
  8025 | D        | Got a warped hat {god gift}
  8046 | D        | Identified the +0 hat "Udocily" {rF+ rC+ Int+4} (Okawaru
                  | gifted it to you in the Dungeon)
  8069 | D        | Noticed Polyphemus
  8070 | D        | Learned a level 5 spell: Borgnjor's Vile Clutch
  8147 | D        | Mangled by Polyphemus

Illustrated notes

Levels and vault maps discovered:
D:        pitsprint [storerooms_1, entrance_room_1, metal_vault_7, armoury_3,
          mini_pit_1, grid_room_1, main_hall_1, silver_pit, the_coven_2,
          the_vestibule_1, steel_vault_1, golden_pit, hallway_of_sentries,
          crystal_vault_1, iron_vault_2, final_vault]

Skill      XL: |  1  2  3  4  5  6  7  8  9 10 11 12 13 14 |
---------------+-------------------------------------------+-----
Staves         | 4 10 13 14 16 17 18 19 21 22 | 22.1
Throwing       | 2 3 4 5 8 |  8.8
Fighting       | 5 6 7 9 10 12 14 16 18 19 | 19.0
Armour         | 3 5 7 9 10 13 14 | 14.8
Invocations    | 1 2 4 6 8 10 11 12 | 12.5
Dodging        | 3 4 6 7 9 10 | 10.8
Evocations     | 2 5 7 |  7.6
Stealth        | 4 5 |  5.8

Action                   |  1- 3 |  4- 6 |  7- 9 | 10-12 | 13-15 || total
-------------------------+-------+-------+-------+-------+-------++-------
Melee: Quarterstaff      |    29 |    41 |   164 |   248 |   386 ||   868
Throw: Throwing net      |     2 |       |       |       |       ||     2
       Javelin           |       |       |     3 |    29 |    19 ||    51
Invok: Heroism           |       |     3 |     9 |    29 |    26 ||    67
       Finesse           |       |       |       |       |     1 ||     1
Evoke: Phial of floods   |       |       |       |     1 |     1 ||     2
  Use: Potion            |     2 |     1 |     5 |     1 |     8 ||    17
       Scroll            |       |       |       |       |     1 ||     1
 Stab: Distracted        |     1 |       |       |       |     2 ||     3
       Held in net/web   |     1 |       |       |       |       ||     1
       Invisible         |       |       |     8 |       |       ||     8
       Paralysed         |       |       |       |     1 |       ||     1
  Eat: Chunk             |       |       |     1 |     9 |     8 ||    18
       Ration            |       |       |       |     1 |     1 ||     2
Armor: Leather armour    |    11 |     2 |       |       |       ||    13
       Chain mail        |       |    35 |    15 |       |       ||    50
       Ring mail         |       |       |    53 |    95 |   133 ||   281
Dodge: Dodged            |    26 |    18 |   115 |   184 |   230 ||   573
